 Dungeon Crawl Stone Soup version 0.31-a0-841-g038b102fc3 (webtiles) character file.

Game seed: 17746705107645769443

25 lunkers the Ruffian (level 3, -3/28 HPs)
             Began as a Meteoran Shapeshifter on Sept 27, 2023.
             Slain by Sigmund
             ... wielding a +2 scythe of venom
              (11 damage)
             ... on level 2 of the Dungeon.
             The game lasted 00:01:54 (280 turns).

lunkers the Ruffian (Meteoran Shapeshifter)          Turns: 280, Time: 00:01:55

Health: -3/28      AC:  2    Str: 16    XL:     3   Next: 38%
Magic:  4/4        EV: 13    Int: 11    God:
Gold:   72         SH:  0    Dex: 21    Spells: 2/2 levels left

rFire   . .          .
                       - Unarmed
rCold   . . .        (no shield)
rNeg    . . .        a - +0 animal skin
rPois   .            (helmet currently unavailable)
rElec   .            (cloak currently unavailable)
rCorr   .            (gloves currently unavailable)
SInv    .            (boots currently unavailable)
Will    .....        (no amulet)
Stlth   +            f - +6 ring of dexterity
HPRegen 0.24/turn    (no ring)
MPRegen 0.09/turn

%: no passive effects
@: lethally poisoned (-3 -> -10), beast-form, glowing
A: beast (slay +2), sense surroundings 1, otherworldly, glowing, explore regen
a: Begin Untransformation


You were on level 2 of the Dungeon.
You were a hulking beast.
You visited 1 branch of the dungeon, and saw 2 of its levels.

You collected 72 gold pieces.

Inventory:

Armour
 a - a +0 animal skin (worn)
 g - a +0 pair of boots
Jewellery
 f - a +6 ring of dexterity (left hand)
Talismans
 c - a beast talisman (active)
 d - a flux talisman
 i - a talisman of death
Scrolls
 k - a scroll of noise {unknown}
Potions
 h - a potion of invisibility {unknown}
 j - a potion of ambrosia {unknown}


   Skills:
 - Level 1.1 Fighting
 - Level 2.1 Dodging
 * Level 4.6 Unarmed Combat
 + Level 4.0 Shapeshifting


You had 2 spell levels left.
You didn't know any spells.
Your spell library was empty.

Dungeon Overview and Level Annotations

Branches:
Dungeon (2/15) Zot: 920

Altars:

Shops:
D:1 =

Annotations:
D:2 Sigmund


Innate Abilities, Weirdness & Mutations

You are a hulking beast.
Your limbs bulge with bestial killing power. (Slay +2)
You passively map a small area around you.
You are easily found by Zot.
You glow in the dark.
You regain HP and MP as you explore.


Message History

Sigmund screams, "I am the angel of ZOT!!!"
Sigmund mumbles some strange words.
Sigmund flickers and vanishes!
Deactivating autopickup; reactivate with Ctrl-A.
The kobold closely misses you.
You closely miss the kobold.
A quokka comes into view.
The kobold hits you with a +0 whip.
You miss the kobold. The kobold barely misses you.
You barely miss the kobold. Something hits you but does no damage.
You are poisoned.
The kobold hits you with a +0 whip.
You closely miss the kobold.
You feel sick. The kobold closely misses you.
You hit the kobold.
The kobold is moderately wounded.
You feel sick. Something hits you but does no damage.
The kobold barely misses you.
You hit the kobold.
You kill the kobold!
You feel sick. Something hits you.
You are more poisoned.
Things that are here:
a +0 whip; 4 stones; a kobold corpse Unknown command.
Okay, then.
It was a potion of heal wounds.
You feel much better.
You feel sick.
You hear some strange, mumbled words.
A puff of flame appears from out of thin air!
The puff of flame misses you.
You hit something but do no damage.
You feel sick. Something hits you!
Ouch! That really hurt!
* * * LOW HITPOINT WARNING * * *
You are more poisoned.
You hit something.
* * * LOW HITPOINT WARNING * * *
You feel sick.
You punch something!
* * * LOW HITPOINT WARNING * * *
You feel sick. Something hits you!
You die...

.~..., , , ,#.~... ~ *
#.#.~.. ~ #.#>..# ,, *
#.#...#* , * ##.#...# # ,
#######......####.##..# *
*....[..........h{r.....
,
##............####.#####,
#..######[#)##....... * *
.#.# #.#.# .#######
...######.#.##.### , , ,
..................., * ,
, * ##.######.......... *
##.# ###.##.#### , ##.#
#.# .# ,


You could see a quokka.

Vanquished Creatures
  An adder (D:2)
  A dart slug (D:1)
  An endoplasm (D:1)
  2 giant cockroaches
  A goblin (D:2)
  4 kobolds
  A quokka (D:2)
  3 ball pythons (D:1)
  A bat (D:1)
  A rat (D:1)
16 creatures vanquished.

Notes
Turn   | Place    | Note
-------+----------+-------------------------------------------
     0 | D:1      | lunkers the Meteoran Shapeshifter began the quest for the
                  | Orb.
     0 | D:1      | Reached XP level 1. HP: 16/16 MP: 2/2
     6 | D:1      | Found Kaidei's Jewellery Boutique.
    66 | D:1      | Reached XP level 2. HP: 21/23 MP: 3/3
   189 | D:2      | Reached XP level 3. HP: 8/28 MP: 4/4
   267 | D:2      | Noticed Sigmund
   280 | D:2      | Slain by Sigmund

Illustrated notes

Levels and vault maps discovered:
D:1:      lightli_arrival_boilingwater, layout_rooms, serial_shops, shop
D:2:      layout_loops_ring, serial_rivers, chequers_serial_rivers_large_b,
          chequers_serial_rivers_room_b, chequers_serial_rivers_micro_a,
          chequers_serial_rivers_small_a, chequers_serial_rivers_small_3,
          uniq_sigmund, uniq_natasha

Skill      XL: |  1  2 |
---------------+-------+-----
Unarmed Combat | 4 |  4.6
Shapeshifting  | 4 |  4.0
Fighting       | |  1.1
Dodging        | |  2.1

Action                     || total
---------------------------++-------
  Melee: Unarmed           ||    43
         Punch             ||     1
    Use: Potion            ||     2
 Armour: Animal skin       ||    23
  Dodge: Dodged            ||    25

Table legend: (Time is in decaauts)
 A = Elapsed time spent in this place.
 B = Non-inter-level travel time spent in this place.
 C = Inter-level travel time spent in this place.
 D = Time resting spent in this place.
 E = Time spent auto-exploring this place.
 F = Levels seen in this place.
 G = Mean time per level.
                   A        B        C        D        E       F      G
               +--------+--------+--------+--------+--------+-----+--------+
         Total |    278 |    271 |      7 |      4 |    149 |   2 |  139.0 |
       Dungeon |    278 |    271 |      7 |      4 |    149 |   2 |  139.0 |
               +--------+--------+--------+--------+--------+-----+--------+

Top non-repeatable levels by time:
     D:1: 181 daAuts
     D:2: 97 daAuts
